 Dungeon Crawl Stone Soup version 0.28.0-43-g3370ac3207 (webtiles) character file.

Game seed: 15348611885549625068

57 graymark the Shield-Bearer (level 4, -3/33 HPs)
             Began as a Formicid Fighter on Mar 2, 2022.
             Was a Follower of Hepliaklqana.
             Killed by nerve-wracking pain
             ... invoked by an orc priest
              (11 damage)
             ... on level 3 of the Dungeon.
             The game lasted 00:04:33 (1442 turns).

graymark the Shield-Bearer (Formicid Fighter)       Turns: 1442, Time: 00:04:34

Health: -3/33      AC:  7    Str: 22    XL:     4   Next: 18%
Magic:  4/4        EV:  9    Int:  8    God:    Hepliaklqana [*.....]
Gold:   75         SH:  4    Dex: 10    Spells: 3/3 levels left

rFire   . . .      SeeInvis +   i - +2 mace (drain)
rCold   . . .      Faith    .   c - +0 buckler
rNeg    . . .      Spirit   .   b - +0 scale mail
rPois   .          Reflect  .   (helmet unavailable)
rElec   .          Harm     .   (no cloak)
rCorr   .          Rampage  .   (no gloves)
Will    .....                   (no boots)
Stlth   ..........              (no amulet)
HPRegen 0.11/turn               (no ring)
MPRegen 0.09/turn               (no ring)

@: no status effects
A: reduced essence, permanent stasis, dig shafts and tunnels, antennae 3, four
strong arms
a: Dig, Shaft Self, Renounce Religion, Recall Ancestor, Ancestor Identity


You were on level 3 of the Dungeon.
You worshipped Hepliaklqana.
Hepliaklqana was aware of your devotion.
You visited 1 branch of the dungeon, and saw 3 of its levels.

You collected 75 gold pieces.

Inventory:

Hand Weapons
 a - a +0 war axe
 e - a +0 hunting sling
 i - a +2 mace of draining (weapon)
Missiles
 h - 45 sling bullets
Armour
 b - a +0 scale mail (worn)
 c - a +0 buckler (worn)
 g - a +0 plate armour
Scrolls
 f - a scroll of noise {unknown}
 j - a scroll of identify {unknown}
 k - a scroll of summoning {unknown}
 l - a scroll of teleportation {unknown}
 m - a scroll of enchant weapon {unknown}
Potions
 d - a potion of might


   Skills:
 + Level 3.7 Fighting
 + Level 2.4 Axes
 + Level 3.7 Armour
 + Level 1.1 Dodging
 + Level 4.2 Shields


You had 3 spell levels left.
You didn't know any spells.
Your spell library was empty.

Dungeon Overview and Level Annotations

Branches:
Dungeon (3/15)

Altars:
Cheibriados
Hepliaklqana
Beogh

Shops:
D:1 *


Innate Abilities, Weirdness & Mutations

Your life essence is reduced to manifest your ancestor. (-10% HP)
You cannot be hasted, slowed, berserked, paralysed or teleported.
You can dig through walls and to a lower floor.
You have a pair of large antennae on your head. (SInv)
Your four strong arms can wield two-handed weapons with a shield.


Message History

You escape the ball python's grasp.
You swap places.
The orc hits Formicid with a +0 war axe!
Formicid hits the ball python.
The ball python dies!
The orc hits Formicid with a +0 war axe.
Formicid barely misses the orc.
The orc priest closely misses Formicid.
The orc hits Formicid with a +0 war axe!
Formicid is destroyed!
You hit the orc priest but do no damage.
You drain the orc priest.
The orc priest is lightly wounded.
You sock the orc!
You kill the orc!
The quokka bites you but does no damage.
You miss the quokka. You block the quokka's attack.
The orc priest looks braver for a moment.
You block the quokka's attack.
You hit the quokka. You drain the quokka.
You kill the quokka!
You barely miss the orc. The orc hits you but does no damage.
The orc priest mumbles some strange prayers to Beogh against you.
Beogh smites you! The orc hits you with a +4 flail!
You are too injured to fight recklessly!
You are too injured to fight recklessly!
You are too injured to fight recklessly!
You hit the orc. You drain the orc.
You kill the orc!
You hit the orc priest.
The orc priest is moderately wounded.
The orc priest hits you but does no damage.
You closely miss the orc priest.
The orc priest is moderately wounded.
The orc priest hits you with a +0 mace.
* * * LOW HITPOINT WARNING * * *
The orc priest casts a cantrip, but nothing happens.
You hit the orc priest. You drain the orc priest.
The orc priest is almost dead.
The orc priest invokes the aid of Beogh against you.
Pain shoots through your body!
You die...

.. .. ..... . ...#.
#.#.# .... #.#.#
#.#.###..#
#....##...<....#
#.........####.##
#....[.........)# #
#......#######..#.#
##...#.#######....#
##.........@o...#
#..#.#######...#
#..#.# ...# #. #.#
...# #. #.# r.... .
... ...... ## ###
.)..##. .#..#


You could see an orc priest (drained).

Vanquished Creatures
  An adder (D:2)
  A worm (D:2)
  A dart slug (D:1)
  2 orcs (D:3)
  4 bats
  4 endoplasms
  2 giant cockroaches (D:1)
  3 goblins
  2 hobgoblins
  5 quokkas
  3 ball pythons (D:1)
  A frilled lizard (D:1)
  4 kobolds (D:1)
  6 rats (D:1)
39 creatures vanquished.

Vanquished Creatures (collateral kills)
  A ball python (D:3)
1 creature vanquished.

Vanquished Creatures (others)
  An ancestor (D:3)
1 creature vanquished.

Grand Total: 41 creatures vanquished

Notes
Turn   | Place    | Note
-------+----------+-------------------------------------------
     0 | D:1      | graymark the Formicid Fighter began the quest for the Orb.
     0 | D:1      | Reached XP level 1. HP: 18/18 MP: 1/1
   160 | D:1      | Reached XP level 2. HP: 22/24 MP: 2/2
   373 | D:1      | Found Jobosk's General Store.
   573 | D:1      | Reached XP level 3. HP: 24/29 MP: 3/3
   677 | D:1      | Found a faded altar of an unknown god.
   695 | D:1      | Prayed at the altar of an unknown god.
   695 | D:1      | Became a worshipper of Hepliaklqana the Forgotten
   695 | D:1      | Reached * piety under Hepliaklqana
   769 | D:1      | Reached skill level 4 in Shields
   928 | D:2      | Found a snail-covered altar of Cheibriados.
  1149 | D:2      | Reached skill level 1 in Dodging
  1149 | D:2      | Reached XP level 4. HP: 24/33 MP: 4/4
  1442 | D:3      | Killed from afar by an orc priest

Illustrated notes

Levels and vault maps discovered:
D:1:      dpeg_arrival_tiny_i, layout_rooms,
          hellmonk_ecumenical_altar_defaced_shrine, serial_shops,
          nicolae_shop_waterfront
D:2:      layout_rooms, basic_altar, minmay_tripent
D:3:      layout_loops_ring, mainiacjoe_overflow_catwalk

Skill      XL: |  1  2  3 |
---------------+----------+-----
Shields        | 4 |  4.2
Dodging        | 1 |  1.1
Fighting       | |  3.7
Axes           | |  2.4
Armour         | |  3.7

Action                   |  1- 3 |  4- 6 || total
-------------------------+-------+-------++-------
Melee: War axe           |    83 |       ||    83
       Mace              |    17 |    17 ||    34
Invok: Ancestor Identity |       |     1 ||     1
Armor: Scale mail        |    38 |    10 ||    48
Dodge: Dodged            |    48 |     3 ||    51
Block: Buckler           |    25 |     4 ||    29
